[Event "Titled Tuesday Blitz April 12 Early 2022"]
[White "parintele_chess"]
[Black "Mikhalsky, Vladimir"]
[BlackFideId "14144352"]
[WhiteElo "2249"]
[BlackElo "2301"]
[Result "0-1"]
[Round "04"]
[TimeControl "180+1"]
[Date "2022.04.13"]
[WhiteClock "0:00:35"]
[BlackClock "0:00:51"]

1. d4 Nf6 2. Bf4 g6 3. Nc3 Bg7 4. e4 O-O 5. e5 Ne8 6. Nf3 d6 7. Bc4 Bg4 8. h3 Bxf3 9. Qxf3 Nc6 10. O-O-O e6 11. d5 exd5 12. Nxd5 Nxe5 13. Bxe5 Bxe5 14. Rhe1 c6 15. Ne3 Qf6 16. Ng4 Bxb2+ 17. Kb1 Qxf3 18. gxf3 Bg7 19. Re7 d5 20. Bd3 Nd6 21. Rde1 Rfe8 22. f4 f5 23. Rxe8+ Rxe8 24. Ne5 Ne4 25. f3 Nd2+ 26. Kc1 Bxe5 27. Kxd2 Bc3+ 0-1


[Site "https://www.chess.com"]

[Event "Titled Tuesday Blitz April 12 Early 2022"]
[White "Agibileg, Uurtsaikh"]
[Black "Plazuelo Pascual, Juan"]
[WhiteFideId "4901606"]
[BlackFideId "32059566"]
[WhiteElo "2205"]
[BlackElo "2359"]
[Result "0-1"]
[Round "05"]
[TimeControl "180+1"]
[Date "2022.04.13"]
[WhiteClock "0:00:21"]
[BlackClock "0:00:10"]

1. d4 d5 2. c4 e6 3. Nc3 Be7 4. Nf3 Nf6 5. Bg5 h6 6. Bf4 O-O 7. e3 c5 8. cxd5 Nxd5 9. Nxd5 Qxd5 10. dxc5 Qxc5 11. Bd3 Qa5+ 12. Ke2 Nc6 13. a3 Rd8 14. b4 Qb6 15. Qc2 a6 16. Rhd1 Bd7 17. Kf1 Rac8 18. Qe2 Na7 19. Kg1 Nb5 20. Be5 Nc3 21. Bxc3 Rxc3 22. Ne5 Be8 23. Nc4 Qc7 24. Nb2 Bf6 25. Rab1 Rxa3 26. b5 Bxb2 27. bxa6 bxa6 28. Bxa6 Rxd1+ 29. Rxd1 Bf6 30. Bd3 Rc3 31. g3 Rc1 32. Rxc1 Qxc1+ 33. Kg2 Bc6+ 34. e4 Qc3 35. Qe3 Bd4 36. Qf3 g6 37. g4 Kg7 38. h4 Qc5 39. Qf4 Qe5 40. Qf3 Qf6 41. Qe2 Qxh4 42. Qd2 Qxg4+ 0-1


[Site "https://www.chess.com"]

[Event "Titled Tuesday Blitz April 12 Early 2022"]
[White "Ahmadzada, Ahmad"]
[Black "Artemenko, Oleg"]
[WhiteFideId "13413007"]
[BlackFideId "14201798"]
[WhiteElo "2228"]
[BlackElo "2287"]
[Result "1-0"]
[Round "05"]
[TimeControl "180+1"]
[Date "2022.04.12"]
[WhiteClock "0:00:03"]
[BlackClock "0:00:13"]

1. Nf3 Nf6 2. g3 d5 3. Bg2 c6 4. O-O Bg4 5. b3 Nbd7 6. Bb2 Bxf3 7. Bxf3 e6 8. c4 Bd6 9. d4 O-O 10. Nc3 Re8 11. e3 dxc4 12. bxc4 e5 13. Qb3 Rb8 14. a4 exd4 15. exd4 Qa5 16. c5 Bf8 17. Qc2 Rec8 18. Bc1 b6 19. Bf4 Ra8 20. Rad1 Qb4 21. Na2 Qa5 22. Bd2 Qa6 23. Nb4 Qb7 24. Nd3 Nd5 25. Rc1 bxc5 26. dxc5 N7f6 27. Ne5 Re8 28. Nc4 Bxc5 29. Na5 Bxf2+ 30. Rxf2 Qb6 31. Qxc6 Qd4 32. Qc5 Qd3 33. Qc4 Qf5 34. Bxd5 Qxd5 35. Qxd5 Nxd5 36. Nc6 f6 37. Rf5 Nc7 38. Rfc5 Ne6 39. Rd5 Kf7 40. Rd7+ Kg6 41. Ne7+ Kh5 42. Rc6 Ng5 43. Bxg5 fxg5 44. h3 Rab8 45. Rc2 Rb3 46. Kg2 g6 47. Nd5 Kh6 48. Nf6 Rh8 49. Ng4+ Kh5 50. Rcc7 Rb2+ 51. Kf3 Rb3+ 52. Ke4 Re8+ 53. Kd4 Rb4+ 54. Kc3 Rxg4 55. Rxh7# 1-0


[Site "https://www.chess.com"]

[Event "Titled Tuesday Blitz April 12 Early 2022"]
[White "Allahverdiyeva, Ayan"]
[Black "Steil-Antoni, Fiona"]
[WhiteFideId "13412590"]
[BlackFideId "4001249"]
[WhiteElo "1910"]
[BlackElo "2059"]
[Result "0-1"]
[Round "05"]
[TimeControl "180+1"]
[Date "2022.04.13"]
[WhiteClock "0:00:02"]
[BlackClock "0:00:40"]

1. e4 e5 2. Nf3 Nc6 3. Bb5 a6 4. Ba4 d6 5. c3 Bd7 6. d4 Nge7 7. d5 Nb8 8. Bxd7+ Nxd7 9. c4 Ng6 10. Nc3 Be7 11. g3 O-O 12. h4 f5 13. h5 Nh8 14. exf5 Rxf5 15. Ne4 Qe8 16. g4 Rf7 17. h6 Ng6 18. Nfg5 Bxg5 19. Nxg5 Nc5 20. Nxf7 Qxf7 21. hxg7 Kxg7 22. Bh6+ Kg8 23. Qe2 Nf4 24. Bxf4 Qxf4 25. b3 Ne4 26. Qe3 Qxg4 27. Qh3 Qg6 28. O-O-O Kh8 29. Rdg1 Qf7 30. Qh5 Qxh5 31. Rxh5 Rf8 32. Rgh1 Rf7 33. R1h2 Nc3 34. Kb2 Ne2 35. Rg5 Nf4 36. Rh4 Nd3+ 37. Kc3 Nxf2 0-1


[Site "https://www.chess.com"]

[Event "Titled Tuesday Blitz April 12 Early 2022"]
[White "Antonio, Jorge Carlos"]
[Black "Chernomordik, Pavel"]
[WhiteFideId "113190"]
[BlackFideId "2804530"]
[WhiteElo "2247"]
[BlackElo "2220"]
[Result "0-1"]
[Round "05"]
[TimeControl "180+1"]
[Date "2022.04.13"]
[WhiteClock "0:01:02"]
[BlackClock "0:01:55"]

1. d4 g6 2. Nf3 Bg7 3. c4 d6 4. Nc3 Nc6 5. e4 Bg4 6. Be3 Bxf3 7. gxf3 e5 8. d5 Nd4 9. Be2 c5 10. Qa4+ Kf8 11. O-O-O a6 12. b4 b5 13. Qa3 cxb4 14. Qxb4 a5 15. Qb2 bxc4 16. Qa3 Ne7 17. Kd2 f5 18. Bg5 h6 19. Bxe7+ Qxe7 20. Rb1 Kf7 21. Bxc4 Nxf3+ 22. Ke3 Nd4 23. Nb5 Nc2+ 0-1


[Site "https://www.chess.com"]

[Event "Titled Tuesday Blitz April 12 Early 2022"]
[White "Avramidou, Anastasia"]
[Black "Moroni, Luca Jr"]
[WhiteFideId "4239873"]
[BlackFideId "865834"]
[WhiteElo "2183"]
[BlackElo "2573"]
[Result "0-1"]
[Round "05"]
[TimeControl "180+1"]
[Date "2022.04.13"]
[WhiteClock "0:00:22"]
[BlackClock "0:01:30"]

1. d4 g6 2. e4 Bg7 3. Nc3 a6 4. Be3 b5 5. Qd2 Bb7 6. f3 d6 7. Nh3 Nd7 8. Nf4 c5 9. dxc5 Nxc5 10. Be2 Rc8 11. O-O Nf6 12. a4 b4 13. Ncd5 Nxd5 14. Nxd5 Bxd5 15. Qxd5 Bxb2 16. Rab1 Bc3 17. Rfd1 O-O 18. Bxc5 Rxc5 19. Qxc5 dxc5 20. Rxd8 Rxd8 21. Bxa6 Rd2 22. Bd3 Bd4+ 23. Kh1 b3 0-1


[Site "https://www.chess.com"]

[Event "Titled Tuesday Blitz April 12 Early 2022"]
[White "Ayushh, Ravikumar"]
[Black "Gu, Xiaobing"]
[WhiteFideId "35039482"]
[BlackFideId "8602611"]
[WhiteElo "1441"]
[BlackElo "2174"]
[Result "1-0"]
[Round "05"]
[TimeControl "180+1"]
[Date "2022.04.13"]
[WhiteClock "0:01:16"]
[BlackClock "0:00:44"]

1. e4 c5 2. Nf3 d6 3. d4 cxd4 4. Nxd4 Nf6 5. Nc3 a6 6. Be2 e5 7. Nb3 Be7 8. O-O O-O 9. Be3 Be6 10. a4 Nc6 11. Qd2 Nb4 12. h3 d5 13. exd5 Nfxd5 14. Nxd5 Nxd5 15. Rfd1 Nxe3 16. Qxe3 Qc7 17. Bd3 f5 18. Rac1 e4 19. Bf1 Rad8 20. Nd4 Bc8 21. Qb3+ Kh8 22. Ne6 Bxe6 23. Qxe6 Bg5 24. Rxd8 Qxd8 25. Re1 Qd2 26. Re2 Qd1 27. Qb3 Rd8 28. Qxb7 Qc1 29. Qxa6 Rd1 30. Qc8+ Bd8 31. Re1 h6 32. Qxd8+ 1-0


[Site "https://www.chess.com"]

[Event "Titled Tuesday Blitz April 12 Early 2022"]
[White "Bachmann, Axel"]
[Black "Prohorov, Olexandr"]
[WhiteFideId "3700488"]
[BlackFideId "14105578"]
[WhiteElo "2587"]
[BlackElo "1993"]
[Result "1-0"]
[Round "05"]
[TimeControl "180+1"]
[Date "2022.04.13"]
[WhiteClock "0:01:02"]
[BlackClock "0:01:51"]

1. d4 g6 2. g3 Bg7 3. Bg2 f5 4. Nf3 Nf6 5. O-O Kf8 6. b3 d6 7. Bb2 Kf7 8. Ng5+ Ke8 9. c4 h6 10. Nf3 Kf7 11. Nc3 Rf8 12. Qc2 Kg8 13. Nh4 Kh7 14. e4 e6 15. d5 c6 16. dxe6 fxe4 17. Nxe4 Bxe6 18. Nxg6 Nxe4 19. Nxf8+ Qxf8 20. Bxe4+ Kg8 21. Rae1 1-0


[Site "https://www.chess.com"]

[Event "Titled Tuesday Blitz April 12 Early 2022"]
[White "Barria Zuniga, Daniel"]
[Black "Marcziter, Dmitrii"]
[WhiteFideId "3400816"]
[BlackFideId "13900765"]
[WhiteElo "2414"]
[BlackElo "2155"]
[Result "0-1"]
[Round "05"]
[TimeControl "180+1"]
[Date "2022.04.13"]
[WhiteClock "0:00:07"]
[BlackClock "0:00:33"]

1. d4 Nf6 2. c4 g6 3. Nc3 Bg7 4. e4 d6 5. Be2 O-O 6. Nf3 Na6 7. Nd2 c5 8. d5 e6 9. O-O Re8 10. dxe6 Bxe6 11. Nb3 Nb4 12. Bf4 Bf8 13. Qd2 Qb6 14. Nc1 Ng4 15. a3 Nc6 16. Nd5 Bxd5 17. cxd5 Nce5 18. Na2 Bg7 19. Nc3 a6 20. Rab1 Qc7 21. Rfc1 b5 22. b4 c4 23. a4 Qd7 24. axb5 axb5 25. h3 Nf6 26. Be3 Qb7 27. Bd4 Ned7 28. f3 Nh5 29. g4 Nf4 30. Bf1 Be5 31. Ra1 f5 32. gxf5 gxf5 33. exf5 Nf6 34. Bxe5 dxe5 35. Rxa8 Rxa8 36. Re1 N6xd5 37. Nxd5 Qxd5 38. Qxd5+ Nxd5 39. Rxe5 Rd8 40. Kf2 Kf7 41. f4 Nc3 42. Ke3 Rd1 43. Bg2 Rd3+ 44. Kf2 Nd1+ 45. Ke2 Nc3+ 46. Kf2 Rd2+ 47. Kg1 Ne2+ 48. Kf1 Nxf4 49. Bf3 c3 50. Rxb5 c2 51. Rc5 Rd1+ 52. Kf2 c1=Q 53. Rxc1 Rxc1 54. Ke3 Nxh3 0-1


[Site "https://www.chess.com"]

[Event "Titled Tuesday Blitz April 12 Early 2022"]
[White "Bas Mas, Jose Joaquin"]
[Black "Djokic, Mihailo"]
[WhiteFideId "22219064"]
[BlackFideId "976440"]
[WhiteElo "2212"]
[BlackElo "2202"]
[Result "1-0"]
[Round "05"]
[TimeControl "180+1"]
[Date "2022.04.13"]
[WhiteClock "0:01:41"]
[BlackClock "0:02:28"]

1. e4 c5 2. Nf3 d6 3. d4 cxd4 4. Nxd4 Nf6 5. Nc3 g6 6. Bg5 Bg7 7. Bb5+ Nc6 8. Qe2 Bd7 9. O-O-O O-O 10. Bxc6 bxc6 11. e5 dxe5 12. Nxc6 Bxc6 13. Rxd8 Rfxd8 14. f3 h6 15. Bh4 g5 16. Bg3 Nd5 17. Bxe5 Nxc3 18. bxc3 e6 19. Bxg7 Kxg7 20. Qe5+ Kg6 21. Rd1 Rxd1+ 22. Kxd1 Rd8+ 23. Kc1 Bd5 24. c4 Ba8 25. Qc7 Rf8 26. Qxa7 h5 27. a4 h4 28. a5 h3 29. gxh3 Bxf3 30. Qe3 Bc6 31. Qc5 Rc8 32. a6 Bd7 33. Qd4 Bc6 34. Qb6 f5 35. a7 Kf6 36. Qb8 1-0


[Site "https://www.chess.com"]

[Event "Titled Tuesday Blitz April 12 Early 2022"]
[White "Bekturov, Tamerlan"]
[Black "Devaev, Alexander"]
[WhiteFideId "13710184"]
[BlackFideId "4169395"]
[WhiteElo "2151"]
[BlackElo "2185"]
[Result "1-0"]
[Round "05"]
[TimeControl "180+1"]
[Date "2022.04.13"]
[WhiteClock "0:00:18"]
[BlackClock "0:00:03"]

1. d4 Nf6 2. c4 e6 3. g3 c5 4. d5 exd5 5. cxd5 d6 6. Nc3 g6 7. Bg2 Bg7 8. Nf3 O-O 9. O-O a6 10. a4 Nbd7 11. Bf4 Ne8 12. Rb1 Qe7 13. Qc2 f5 14. b4 cxb4 15. Rxb4 Nc5 16. Re1 Nf6 17. Rb6 Nfe4 18. Nxe4 Nxe4 19. Nd2 Nxf2 20. e3 Ng4 21. Bxd6 Qd8 22. Bc7 Qg5 23. Bf4 Qh5 24. h3 Ne5 25. h4 Ng4 26. Nf3 h6 27. Qd1 Bf6 28. Bd6 Re8 29. Bc5 Bg7 30. Bd4 Nf6 31. Bxf6 Bxf6 32. Rxf6 f4 33. exf4 Bg4 34. Re5 Rxe5 35. fxe5 Rd8 36. d6 g5 37. hxg5 hxg5 38. Qd5+ Kh8 39. e6 Qh7 40. Nxg5 Qb1+ 41. Rf1 Qg6 42. Nf7+ Kg7 43. Qe5+ Kh7 44. Nxd8 Qh5 45. Qxh5+ Bxh5 46. e7 Be8 47. Be4+ Kh6 48. Rf8 b5 49. Bf5 bxa4 50. Rxe8 a3 51. Rf8 a2 52. Rh8+ Kg7 53. Rh7+ Kf6 54. Rf7+ Kg5 55. e8=Q a1=Q+ 56. Kh2 Qb2+ 57. Kh3 1-0


[Site "https://www.chess.com"]

[Event "Titled Tuesday Blitz April 12 Early 2022"]
[White "Belenkaya, Dina"]
[Black "Winkels, Marcel"]
[WhiteFideId "24142654"]
[BlackFideId "1003887"]
[WhiteElo "2196"]
[BlackElo "1900"]
[Result "1-0"]
[Round "05"]
[TimeControl "180+1"]
[Date "2022.04.13"]
[WhiteClock "0:01:37"]
[BlackClock "0:00:11"]

1. e4 c5 2. Nc3 d6 3. g3 g6 4. Bg2 Nc6 5. Nf3 Bg7 6. d3 e6 7. Bg5 Nge7 8. Qd2 h6 9. Be3 Nd4 10. O-O Rb8 11. Ne1 b5 12. Nd1 b4 13. f4 O-O 14. f5 exf5 15. Bxh6 fxe4 16. dxe4 Ba6 17. Rf2 Kh7 18. Bxg7 Kxg7 19. Nd3 Qd7 20. Ne3 Rh8 21. Nf4 Bb7 22. c3 Ne6 23. Nfd5 Nxd5 24. exd5 Nc7 25. Raf1 Rhf8 26. Nf5+ gxf5 27. Qg5+ Kh7 28. Rxf5 f6 29. Qg4 Qg7 30. Qh4+ Kg8 31. R1f4 bxc3 32. bxc3 Kf7 33. Rxf6+ Kg8 34. Rxf8+ Rxf8 35. Rg4 Nxd5 36. Rxg7+ Kxg7 37. Qg5+ 1-0


[Site "https://www.chess.com"]

[Event "Titled Tuesday Blitz April 12 Early 2022"]
[White "Bernat, David"]
[Black "Bures, Vit"]
[WhiteFideId "2099225"]
[BlackFideId "309052"]
[WhiteElo "2318"]
[BlackElo "2079"]
[Result "0-1"]
[Round "05"]
[TimeControl "180+1"]
[Date "2022.04.13"]
[WhiteClock "0:00:17"]
[BlackClock "0:00:03"]

1. c4 Nf6 2. Nc3 c5 3. g3 e6 4. Bg2 d5 5. cxd5 exd5 6. d3 Nc6 7. Nf3 Be7 8. O-O O-O 9. e4 dxe4 10. dxe4 Bg4 11. Qxd8 Rfxd8 12. Be3 Nd4 13. Ne5 Nc2 14. Bg5 Nxa1 15. Bxf6 Bxf6 16. Nxg4 Bxc3 17. bxc3 Nc2 18. Rc1 h5 19. Ne5 Na3 20. Bf3 g6 21. g4 hxg4 22. Nxg4 Rd2 23. e5 Rxa2 24. Bxb7 Rb8 25. Bd5 Rd2 26. c4 Rb1 27. Rxb1 Nxb1 28. Nf6+ Kg7 29. Ne4 Rd1+ 30. Kg2 a5 31. Nxc5 Nc3 32. Bf3 Re1 33. Nd3 Rb1 34. c5 a4 35. c6 Nb5 36. Bd5 Rd1 37. Bc4 Nc7 38. Nb2 Rd4 39. Bf1 a3 40. Nc4 a2 41. e6 fxe6 42. Kf3 a1=Q 43. Be2 Qc3+ 44. Ne3 Qxc6+ 45. Kg3 Qe4 46. Bf3 Qf4+ 47. Kg2 Nd5 48. Nf1 Qg5+ 49. Ng3 Nf4+ 50. Kf1 Qb5+ 51. Ne2 Rd1# 0-1


[Site "https://www.chess.com"]

[Event "Titled Tuesday Blitz April 12 Early 2022"]
[White "Bettalli, Francesco"]
[Black "Weetik, Vjacheslav"]
[WhiteFideId "2816453"]
[BlackFideId "4153472"]
[WhiteElo "2216"]
[BlackElo "2469"]
[Result "0-1"]
[Round "05"]
[TimeControl "180+1"]
[Date "2022.04.13"]
[WhiteClock "0:01:23"]
[BlackClock "0:00:16"]

1. d4 Nf6 2. Nc3 d5 3. Bf4 c5 4. e3 cxd4 5. exd4 a6 6. Nf3 Nc6 7. Be2 Bf5 8. O-O e6 9. h3 Bd6 10. Ne5 Qc7 11. Re1 O-O 12. Bd3 Nxd4 13. Bg5 Bxe5 14. f4 Bxf4 15. Bxf6 gxf6 16. Bxf5 Nxf5 17. Qg4+ Kh8 18. Nxd5 Bh2+ 19. Kh1 exd5 20. Qxf5 Be5 21. Rad1 Rad8 22. c3 Rg8 23. Rd3 Rg5 24. Qf3 Rdg8 25. g4 Qb6 26. Rxd5 Qxb2 27. Rexe5 fxe5 28. Qf6+ R5g7 29. Rd8 Qc1+ 30. Kg2 Qg5 31. Rxg8+ Kxg8 32. Qd6 h6 33. Qb8+ Kh7 34. Qxb7 Qf4 35. Qb1+ e4 36. Qc2 f5 0-1


[Site "https://www.chess.com"]

[Event "Titled Tuesday Blitz April 12 Early 2022"]
[White "Bilan, Danila"]
[Black "Tsyhanchuk, Stanislav"]
[WhiteFideId "24161918"]
[BlackFideId "13505130"]
[WhiteElo "2164"]
[BlackElo "2078"]
[Result "1-0"]
[Round "05"]
[TimeControl "180+1"]
[Date "2022.04.13"]
[WhiteClock "0:00:03"]
[BlackClock "0:00:01"]

1. d4 Nf6 2. Nf3 c5 3. e3 g6 4. Bc4 Bg7 5. c3 a6 6. a4 b6 7. O-O O-O 8. Nbd2 Bb7 9. Qe2 d5 10. Bd3 Ne4 11. c4 cxd4 12. Nxd4 e5 13. Bxe4 exd4 14. Bxd5 Bxd5 15. cxd5 Qxd5 16. exd4 Nc6 17. Nf3 Nxd4 18. Nxd4 Qxd4 19. Be3 Qb4 20. Rab1 b5 21. axb5 axb5 22. b3 Rfe8 23. Qf3 Rac8 24. g3 h5 25. h4 Rc3 26. Qd5 Qg4 27. Bf4 b4 28. Rbe1 Rxe1 29. Rxe1 Qc8 30. Re7 Qf8 31. Rb7 Qe8 32. Rb8 Rc8 33. Rxc8 Qxc8 34. Kg2 Bf8 35. Qe4 Qc3 36. Qd5 Qc2 37. Be5 Qf5 38. Qd4 Qe6 39. Bf4 Qxb3 40. Qf6 Qc3 41. Be5 Qc4 42. Qh8# 1-0


[Site "https://www.chess.com"]

[Event "Titled Tuesday Blitz April 12 Early 2022"]
[White "Biletskiy, Danylo"]
[Black "Fathy, Elameir"]
[WhiteFideId "14155419"]
[BlackFideId "10600396"]
[WhiteElo "2087"]
[BlackElo "2311"]
[Result "1/2-1/2"]
[Round "05"]
[TimeControl "180+1"]
[Date "2022.04.13"]
[WhiteClock "0:01:47"]
[BlackClock "0:00:38"]

1. e4 c6 2. Ne2 d5 3. e5 Bf5 4. Ng3 Bg6 5. h4 h5 6. e6 fxe6 7. d4 Qd6 8. f4 Nh6 9. Bd3 Nf5 10. O-O Nd7 11. Nd2 O-O-O 12. Nxf5 Bxf5 13. Nf3 g6 14. Ne5 Nxe5 15. fxe5 Qc7 16. Bg5 Bh6 17. c3 Bxg5 18. hxg5 Rdf8 19. Rf2 Bxd3 20. Rxf8+ Rxf8 21. Qxd3 Rf5 22. Rf1 Qb6 23. Qd2 Rxf1+ 24. Kxf1 Qa6+ 25. Kg1 Qxa2 26. Qc2 Qa1+ 27. Kh2 Qe1 28. Qxg6 Qh4+ 29. Kg1 Qe1+ 30. Kh2 Qh4+ 31. Kg1 Qe1+ 32. Kh2 1/2-1/2


[Site "https://www.chess.com"]

[Event "Titled Tuesday Blitz April 12 Early 2022"]
[White "Blokhin, Sofia"]
[Black "Zia, Tahsin Tajwar"]
[WhiteFideId "4508190"]
[BlackFideId "10211888"]
[WhiteElo "1764"]
[BlackElo "1800"]
[Result "0-1"]
[Round "05"]
[TimeControl "180+1"]
[Date "2022.04.13"]
[WhiteClock "0:00:25"]
[BlackClock "0:00:48"]

1. d4 b6 2. e4 Bb7 3. Nc3 g6 4. f3 Bg7 5. Be3 e6 6. Qd2 h6 7. O-O-O Ne7 8. g4 d6 9. Kb1 Nd7 10. h4 a6 11. h5 g5 12. f4 gxf4 13. Bxf4 b5 14. Bg2 Nb6 15. Nh3 Nc4 16. Qf2 b4 17. Ne2 a5 18. Rhf1 a4 19. g5 Rf8 20. gxh6 Bh8 21. Ng5 c5 22. Nh7 cxd4 23. Nxf8 d3 24. Bg5 f5 25. Nd4 Qc8 26. cxd3 Nxb2 27. Qxb2 a3 28. Qa1 Nc6 29. Nfxe6 Nxd4 30. Nxd4 b3 31. axb3 a2+ 32. Qxa2 Rxa2 33. Kxa2 Bxd4 34. Rc1 Qa8+ 35. Kb1 Qa1+ 36. Kc2 Qb2+ 37. Kd1 Qxb3+ 38. Rc2 Ba6 39. Rxf5 Bxd3 40. Bf3 Qxc2+ 41. Ke1 Bf2# 0-1


[Site "https://www.chess.com"]

[Event "Titled Tuesday Blitz April 12 Early 2022"]
[White "Broca Jimenez, Fernando"]
[Black "Rodchenkov, Vitaly"]
[WhiteFideId "5104742"]
[BlackFideId "4152964"]
[WhiteElo "2062"]
[BlackElo "2337"]
[Result "1-0"]
[Round "05"]
[TimeControl "180+1"]
[Date "2022.04.13"]
[WhiteClock "0:00:12"]
[BlackClock "0:00:30"]

1. e4 c6 2. d4 d5 3. Nc3 dxe4 4. Nxe4 Bf5 5. Ng3 Bg6 6. h4 h6 7. h5 Bh7 8. Nf3 Nd7 9. Bd3 Bxd3 10. Qxd3 e6 11. Bf4 Bb4+ 12. Bd2 Qa5 13. c3 Be7 14. c4 Qc7 15. O-O-O Ngf6 16. Ne4 Nxe4 17. Qxe4 Nf6 18. Qe2 O-O 19. Ne5 c5 20. Bc3 Rfd8 21. Kb1 cxd4 22. Rxd4 Rxd4 23. Bxd4 Rd8 24. Bc3 a6 25. Ng4 Nxg4 26. Qxg4 Bf8 27. Rh3 Rc8 28. b3 b5 29. Rg3 f5 30. Qg6 Qf7 31. Qxh6 bxc4 32. b4 a5 33. a3 a4 34. Qf4 Qd7 35. Qd2 Qc7 36. h6 Rd8 37. Qg5 Rd1+ 38. Kb2 Qd7 39. Bxg7 Rd2+ 40. Kc3 Rd3+ 41. Rxd3 Qxd3+ 42. Kb2 Qb3+ 43. Kc1 Qxa3+ 44. Bb2+ Kh7 45. Bxa3 1-0


[Site "https://www.chess.com"]

[Event "Titled Tuesday Blitz April 12 Early 2022"]
[White "Brodowski, Piotr"]
[Black "Demin, Vladimir"]
[WhiteFideId "1124480"]
[BlackFideId "4167457"]
[WhiteElo "2422"]
[BlackElo "2395"]
[Result "1-0"]
[Round "05"]
[TimeControl "180+1"]
[Date "2022.04.13"]
[WhiteClock "0:01:09"]
[BlackClock "0:00:46"]

1. e4 Nf6 2. e5 Nd5 3. d4 d6 4. Nf3 dxe5 5. Nxe5 g6 6. Be2 Bg7 7. O-O O-O 8. h3 c5 9. c4 cxd4 10. Nxf7 Rxf7 11. cxd5 Qxd5 12. Nc3 Qc5 13. Ne4 Qd5 14. Ng5 Rf8 15. b3 Kh8 16. Bc4 Qf5 17. Bd3 Qf6 18. Nxh7 Kxh7 19. Qh5+ Kg8 20. Bxg6 Rd8 21. Bg5 Qd6 22. Qh7+ Kf8 23. Bh6 1-0


[Site "https://www.chess.com"]

[Event "Titled Tuesday Blitz April 12 Early 2022"]
[White "Buscar, Michael"]
[Black "De Arruda, Leandro Formes"]
[WhiteFideId "2603616"]
[BlackFideId "22722009"]
[WhiteElo "2010"]
[BlackElo "1852"]
[Result "1-0"]
[Round "05"]
[TimeControl "180+1"]
[Date "2022.04.13"]
[WhiteClock "0:01:24"]
[BlackClock "0:01:40"]

1. Nf3 d5 2. d4 Nf6 3. c4 e6 4. g3 c6 5. Bg2 Be7 6. O-O Nbd7 7. b3 O-O 8. Bb2 Ne4 9. Nbd2 f5 10. Ne5 Nxe5 11. dxe5 Bd7 12. cxd5 cxd5 13. Bxe4 fxe4 14. f4 Bc5+ 15. Kg2 Bc6 16. Rc1 Bb6 17. b4 a5 18. b5 Bxb5 19. Qb3 Qd7 20. a4 Bxe2 21. Qxb6 Bxf1+ 22. Nxf1 Rac8 23. Qxa5 Rxc1 24. Bxc1 Rc8 25. Ba3 Rc2+ 26. Kh3 Qe8 27. g4 h5 28. g5 Qf8 29. Bxf8 1-0


[Site "https://www.chess.com"]

[Event "Titled Tuesday Blitz April 12 Early 2022"]
[White "Bychkov, Vladimir"]
[Black "Papadiamandis, Elliot"]
[WhiteFideId "24151513"]
[BlackFideId "36074160"]
[WhiteElo "2197"]
[BlackElo "2088"]
[Result "1-0"]
[Round "05"]
[TimeControl "180+1"]
[Date "2022.04.13"]
[WhiteClock "0:01:12"]
[BlackClock "0:01:18"]

1. Nf3 Nf6 2. g3 d6 3. Bg2 e5 4. d3 Be7 5. Nbd2 O-O 6. e4 Nc6 7. O-O d5 8. Re1 Bc5 9. exd5 Nxd5 10. Nxe5 Nxe5 11. Rxe5 c6 12. Re1 Re8 13. Rxe8+ Qxe8 14. Ne4 Bb6 15. d4 Bf5 16. Nd6 Qd7 17. Nxf5 Qxf5 18. c3 Re8 19. Bd2 c5 20. Qf3 Qc2 21. Re1 Rd8 22. Qxd5 Qxd2 23. Qxd8+ 1-0


[Site "https://www.chess.com"]

[Event "Titled Tuesday Blitz April 12 Early 2022"]
[White "Calin, Alexandru"]
[Black "Lewtak, Damian"]
[WhiteFideId "1222961"]
[BlackFideId "1141724"]
[WhiteElo "2020"]
[BlackElo "2362"]
[Result "1/2-1/2"]
[Round "05"]
[TimeControl "180+1"]
[Date "2022.04.13"]
[WhiteClock "0:00:20"]
[BlackClock "0:00:11"]

1. d4 d5 2. Nf3 Nf6 3. c4 c6 4. Qc2 dxc4 5. Qxc4 Bf5 6. g3 Nbd7 7. Bg2 e6 8. O-O Be7 9. Bf4 O-O 10. Nc3 Rc8 11. Qb3 Qb6 12. Rfe1 Qxb3 13. axb3 a6 14. e4 Bg6 15. Ne5 Nxe5 16. Bxe5 Rfd8 17. Na4 Nd7 18. Bf4 Bb4 19. Re2 f6 20. Bh3 Bf7 21. e5 f5 22. Bg5 Re8 23. Be3 h6 24. f4 Bh5 25. Rc2 Bf3 26. Bg2 Bxg2 27. Kxg2 Rcd8 28. Bd2 Bf8 29. Ba5 Rc8 30. Bb6 Nxb6 31. Nxb6 Rcd8 32. Rd1 Kf7 33. Kf3 Be7 34. h4 g6 35. Rh2 Rg8 36. Rdd2 Bb4 37. Rd3 Bc5 38. Nc4 Rxd4 39. Rxd4 Bxd4 40. Nd6+ Ke7 41. Nxb7 Rb8 42. Na5 Kd7 43. Rd2 c5 44. Rd3 Kc7 45. Nc4 Rb4 46. g4 h5 47. g5 Kc6 48. Kg3 Kd5 49. Kf3 Rb5 50. Nd6 Rb8 51. Nc4 Kc6 52. Ke2 Ra8 53. Na5+ Kb5 54. Nc4 a5 55. Na3+ Kc6 56. Nc4 a4 57. Kd2 axb3 58. Rxb3 Ra4 59. Kd3 Ra1 60. Rb6+ Kd7 61. Rd6+ Ke7 62. Kc2 Rh1 63. Na5 Rxh4 64. Nc6+ Ke8 65. Nxd4 cxd4 66. Rxe6+ Kf7 67. Rf6+ Kg7 68. e6 Rxf4 69. Kd3 Re4 70. b4 h4 71. b5 h3 72. Rf7+ Kg8 73. Rf6 h2 74. Rxg6+ Kf8 75. Rh6 Rxe6 76. Rxh2 Rb6 77. Kxd4 Rxb5 78. Rh6 Kg7 79. Rf6 Ra5 80. Ke3 Ra4 81. Rxf5 Kg6 82. Re5 Rg4 83. Kf3 Rxg5 84. Rxg5+ Kxg5 1/2-1/2


[Site "https://www.chess.com"]

[Event "Titled Tuesday Blitz April 12 Early 2022"]
[White "Csonka, Balazs"]
[Black "Kamsky, Gata"]
[WhiteFideId "742910"]
[BlackFideId "2000024"]
[WhiteElo "2404"]
[BlackElo "2645"]
[Result "1/2-1/2"]
[Round "05"]
[TimeControl "180+1"]
[Date "2022.04.13"]
[WhiteClock "0:00:05"]
[BlackClock "0:00:31"]

1. Nf3 Nf6 2. c4 c6 3. Nc3 d5 4. d4 a6 5. cxd5 cxd5 6. Bf4 Nc6 7. e3 Bg4 8. h3 Bxf3 9. Qxf3 e6 10. Rc1 Bd6 11. Bg5 h6 12. Bxf6 Qxf6 13. Qxf6 gxf6 14. Bd3 f5 15. g3 Ke7 16. a3 Rac8 17. Ke2 Na5 18. Rc2 Nb3 19. Nb1 Rxc2+ 20. Bxc2 Na5 21. Nd2 Rc8 22. Rc1 b5 23. Kd1 Nc4 24. Nxc4 dxc4 25. a4 b4 26. Bd3 a5 27. Bxc4 Rc7 28. b3 Kf6 29. Ke2 Rc8 30. g4 h5 31. gxf5 Kxf5 32. Rg1 Kf6 33. f4 Bc7 34. Rg5 Rh8 35. Kf3 h4 36. e4 Ke7 37. Rc5 Bd8 38. f5 Rg8 39. fxe6 fxe6 40. Rc6 Rg6 41. Kf2 Rf6+ 42. Ke2 e5 43. Rxf6 Kxf6 44. dxe5+ Kxe5 45. Kf3 1/2-1/2


[Site "https://www.chess.com"]

[Event "Titled Tuesday Blitz April 12 Early 2022"]
[White "De Souza, Cristiano Gomes"]
[Black "Manukian, Artak"]
[WhiteFideId "2151758"]
[BlackFideId "13301373"]
[WhiteElo "2068"]
[BlackElo "2346"]
[Result "0-1"]
[Round "05"]
[TimeControl "180+1"]
[Date "2022.04.13"]
[WhiteClock "0:00:45"]
[BlackClock "0:00:52"]

1. d4 d5 2. c4 dxc4 3. Nf3 Nf6 4. e3 e6 5. Bxc4 c5 6. O-O a6 7. a4 Nc6 8. Nc3 cxd4 9. exd4 Be7 10. Re1 O-O 11. d5 exd5 12. Nxd5 Nxd5 13. Bxd5 Bf6 14. Qb3 Na5 15. Qa2 Bg4 16. Bd2 Nc6 17. Rad1 Qb6 18. Be3 Qxb2 19. Qc4 Bxf3 20. Bxf3 Ne5 21. Qe4 Nxf3+ 22. Qxf3 b5 23. axb5 Qxb5 24. Rb1 Qd3 25. Red1 Qg6 26. Qb7 a5 27. Bc5 Rfc8 28. Qd5 a4 29. Ba3 h5 30. g3 h4 31. Qb5 Qe4 32. Re1 Qf3 33. Re3 Qg4 34. Rbe1 h3 35. Re8+ Rxe8 36. Rxe8+ Rxe8 37. Qxe8+ Kh7 38. Kf1 Qd1+ 39. Qe1 Qd3+ 40. Qe2 Qxa3 41. Qh5+ Kg8 42. Qxh3 Qc1+ 43. Kg2 a3 44. Qc8+ Qxc8 0-1


[Site "https://www.chess.com"]